 Dungeon Crawl Stone Soup version 0.30-a0-743-gbfdf073431 (webtiles) character file.

Game seed: 10300443746843779527

42 HammerPanzer the Chopper (level 3, 6/29 HPs)
             Began as a Draconian Reaver on Feb 7, 2023.
             Quit the game on level 1 of the Dungeon.
             The game lasted 00:06:12 (1544 turns).

HammerPanzer the Chopper (Draconian Reaver)         Turns: 1544, Time: 00:06:13

Health: 6/29       AC:  6    Str: 16    XL:     3   Next: 35%
Magic:  1/6        EV:  7    Int: 13    God:
Gold:   50         SH:  9    Dex:  9    Spells: 6/7 levels left

rFire   . . .      SeeInvis .    a - +0 hand axe
rCold   + . .      Faith    .    b - +0 tower shield
rNeg    . . .      Spirit   .    (body armour unavailable)
rPois   .          Reflect  .    (helmet restricted)
rElec   .          Harm     .    (no cloak)
rCorr   .          Rampage  .    (no gloves)
Will    .....                    e - +0 pair of boots
Stlth   +                        (no amulet)
HPRegen 0.24/turn                f - ring of protection from cold
MPRegen 0.10/turn                (no ring)

@: seriously poisoned (6 -> 2), very slightly contaminated
A: AC +5, unfitting armour, cold-blooded
a: no special abilities


You were on level 1 of the Dungeon.
You visited 1 branch of the dungeon, and saw 2 of its levels.

You collected 50 gold pieces.

Inventory:

Hand Weapons
 a - a +0 hand axe (weapon)
Armour
 b - a +0 tower shield (worn)
 e - a +0 pair of boots (worn)
Jewellery
 f - a ring of protection from cold (left hand)
 j - a ring of wizardry
Scrolls
 c - 2 scrolls of teleportation
 d - a scroll of identify {unknown}
Potions
 g - a potion of heal wounds {unknown}
 h - a potion of might {unknown}
 i - a potion of haste {unknown}


   Skills:
 - Level 2.3 Fighting
 + Level 3.5 Axes
 - Level 1.8 Dodging
 + Level 2.5 Spellcasting
 + Level 3.4 Conjurations


You had 6 spell levels left.
You knew the following spells:

 Your Spells              Type           Power      Damage    Failure   Level
a - Kiss of Death         Conj/Necr      24%        2d7       91%         1

Your spell library contained the following spells:

 Spells                   Type           Power      Damage    Failure   Level
 Momentum Strike          Conj/Tloc      12%        3d8       97%         2
 Hailstorm                Conj/Ice       6%         3d4       100%        3
 Ice Form                 Ice/Tmut       1%         N/A       100%        4
 Passage of Golubria      Tloc           1%         N/A       100%        4
 Silence                  Hex/Air        0%         N/A       100%        5
 Simulacrum               Ice/Necr       0%         N/A       100%        6
 Lehudib's Crystal Spear  Conj/Erth      3%         10d2      100%        8


Dungeon Overview and Level Annotations

Branches:
Dungeon (2/15)

Altars:

Shops:
D:1 =


Innate Abilities, Weirdness & Mutations

Your plain brown scales are hard. (AC +5)
You cannot fit into any form of body armour.
You are cold-blooded and may be slowed by cold attacks.


Message History

Aim: an orc, wielding a +0 club and wearing a +0 leather armour (100% to hit)
You miscast Kiss of Death.
Nothing appears to happen.
You feel sick. The orc hits you with a +0 club.
The orc hits you with a +1 dagger of venom.
Aiming: Kiss of Death (safe; 91% risk of failure)
Press: ? - help, Q - select action Shift-Dir - straight line, f/p - orc
Aim: an orc, wielding a +0 club and wearing a +0 leather armour (100% to hit)
You miscast Kiss of Death.
Nothing appears to happen.
You feel sick. You block the orc's attack. The orc hits you but does no damage.
The frilled lizard bites you but does no damage.
You feel sick.
You are no longer poisoned.
The orc hits you with a +1 dagger of venom.
You are poisoned.
The orc priest casts a cantrip, but nothing happens.
The frilled lizard bites you but does no damage.
You feel sick.
The frilled lizard bites you but does no damage.
You feel sick. The orc attacks as you move away! You block the orc's attack.
You feel sick. The orc attacks as you move away! You block the orc's attack.
You feel sick. The orc attacks as you move away!
The orc hits you but does no damage.
The frilled lizard attacks as you move away!
The frilled lizard barely misses you.
You feel sick.
The orc priest looks braver for a moment.
You feel sick.
You are no longer poisoned.
The orc attacks as you move away! You block the orc's attack.
The frilled lizard attacks as you move away!
You block the frilled lizard's attack.
There is an escape hatch in the ceiling here.
The orc hits you but does no damage.
You are poisoned.
You block the frilled lizard's attack. A mysterious force pulls you upwards.
The hatch slams shut behind you.
* * * LOW HITPOINT WARNING * * *
You feel sick.
Unknown command.
Okay, then.
Are you sure you want to abandon this character and quit the game? (Confirm with "yes".)

##........>......)...............
†..†............####.####.#......
##.##########.#.# #.# #.#.##.##
##......#.# #...####.# #.#..#...
..#####.#.####....##.# #.#..#.##
#.# #.......#.#..#.# #....#.##
#.# #.#.###.#.##.#.# ###..#.#.
#.# #.#)###.#o##.#.######..#.#.
#.#####.........@l...........#...
#.........#.###o##..########.###.
#######.###.....##..# #..... #
#..######.##..# #####. ## #....#
#####.############. .## #...##
##.##.............. ..## #.###
##...#.############# ...####.#
#....#........# #.#. ....##.##
##..###.######.###.#.


You could see 2 orcs and a frilled lizard.

Vanquished Creatures
  A dart slug (D:1)
  2 orcs (D:2)
  3 ball pythons (D:1)
  A bat (D:2)
  An endoplasm (D:1)
  3 giant cockroaches
  3 goblins (D:1)
  5 hobgoblins
  4 jackals
  A quokka (D:1)
  3 frilled lizards (D:1)
  3 kobolds
  4 rats
34 creatures vanquished.

Notes
Turn   | Place    | Note
-------+----------+-------------------------------------------
     0 | D:1      | HammerPanzer the Draconian Reaver began the quest for the
                  | Orb.
     0 | D:1      | Reached XP level 1. HP: 17/17 MP: 3/3
   403 | D:1      | Reached XP level 2. HP: 11/24 MP: 5/5
   783 | D:1      | Found Usoludeq's Jewellery Shop.
  1199 | D:1      | Reached XP level 3. HP: 28/29 MP: 6/6
  1544 | D:1      | Quit the game

Illustrated notes

Levels and vault maps discovered:
D:1:      dpeg_arrival_arbitrary_a, layout_basic, serial_shops, shop_fountains
D:2:      cheibrodos_pilgrimage, layout_basic

Action                     || total
---------------------------++-------
  Melee: Hand axe          ||   109
         Tailslap          ||     6
    Use: Scroll            ||     3
 Armour: Skin              ||    52
  Dodge: Dodged            ||    36
  Block: Tower shield      ||    61

Table legend: (Time is in decaauts)
 A = Elapsed time spent in this place.
 B = Non-inter-level travel time spent in this place.
 C = Inter-level travel time spent in this place.
 D = Time resting spent in this place.
 E = Time spent auto-exploring this place.
 F = Levels seen in this place.
 G = Mean time per level.
                   A        B        C        D        E       F      G
               +--------+--------+--------+--------+--------+-----+--------+
         Total |   1602 |   1534 |     68 |     98 |   1026 |   2 |  801.0 |
       Dungeon |   1602 |   1534 |     68 |     98 |   1026 |   2 |  801.0 |
               +--------+--------+--------+--------+--------+-----+--------+

Top non-repeatable levels by time:
     D:1: 1326 daAuts
     D:2: 276 daAuts
